 Dungeon Crawl Stone Soup version 0.29-a0-8-g0446c0dae4 (webtiles) character file.

Game seed: 6050390403119022853

0 meatgazer the Skirmisher (level 1, -21/18 HPs)
             Began as a Demonspawn Abyssal Knight on Jan 27, 2022.
             Was a Follower of Lugonu.
             Demolished by a large abomination (33 damage)
             ... on level 1 of the Abyss.
             The game lasted 00:00:24 (162 turns).

meatgazer the Skirmisher (Demonspawn Abyssal Knight) Turns: 162, Time: 00:00:25

Health: -21/18     AC:  3    Str: 13    XL:     1   Next: 0%
Magic:  2/2        EV: 11    Int: 11    God:    Lugonu [*.....]
Gold:   0          SH:  0    Dex: 13    Spells: 0/0 levels left

rFire   . . .      SeeInvis .   a - +1 falchion
rCold   . . .      Faith    .   (no shield)
rNeg    . . .      Spirit   .   b - +0 leather armour
rPois   .          Reflect  .   (no helmet)
rElec   .          Harm     .   (no cloak)
rCorr   .          Rampage  .   (no gloves)
Will    .....                   (no boots)
Stlth   +.........              (no amulet)
HPRegen 0.06/turn               (no ring)
MPRegen 0.08/turn               (no ring)

@: no status effects
A: no striking features
a: Renounce Religion, Depart the Abyss


You were on level 1 of the Abyss.
You worshipped Lugonu.
Lugonu was aware of your devotion.
You visited 0 branches of the dungeon, and saw 0 of its levels.
You visited the Abyss 1 time.

Inventory:

Hand Weapons
 a - a +1 falchion (weapon)
Armour
 b - a +0 leather armour (worn)


   Skills:
 + Level 3.0 Fighting
 + Level 1.7 Long Blades
 + Level 1.7 Armour
 + Level 0.8 Dodging
 + Level 2.4 Invocations


You couldn't memorise any spells.
You didn't know any spells.
Your spell library was empty.

Dungeon Overview and Level Annotations

Branches:
Dungeon (0/15)

Altars:


Message History

Welcome, meatgazer the Demonspawn Abyssal Knight.
The Orb of Zot is coveted for many reasons.
Will you seize it for your own?
Lugonu says: Depart the Abyss and spread corruption, my servant! (use the ability menu to exit the Abyss) Press ? for a list of commands and other information.
Found two corrupted altars of Lugonu.
A worldbinder comes into view.
Found a gateway leading out of the Abyss.
An ufetubus comes into view.
The ufetubus shouts!
The ufetubus hits you. The ufetubus barely misses you.
You closely miss the ufetubus. The ufetubus hits you.
The ufetubus barely misses you. The ufetubus hits you.
The ufetubus closely misses you.
You closely miss the ufetubus. The ufetubus closely misses you.
The ufetubus barely misses you.
You barely miss the ufetubus. The ufetubus barely misses you. x3
The ufetubus closely misses you.
You hit the ufetubus.
The ufetubus is heavily wounded.
The ufetubus misses you. The ufetubus barely misses you.
The ufetubus hits you but does no damage.
The ufetubus closely misses you.
You hit the ufetubus.
The ufetubus is almost dead.
The ufetubus hits you but does no damage.
The ufetubus hits you. The ufetubus closely misses you. The ufetubus hits you.
You hit the ufetubus.
You kill the ufetubus!
That felt strangely unrewarding.
You start resting.
A large abomination comes into view.
A large abomination is nearby!
A large abomination comes into view.
An orange demon comes into view.
The large abomination hits you!!
Ouch! That really hurt!
You die...

.. .. ... .....
.... ..... .
#...###...## #..
.#.....#.....#....
..................
..# #..#.#.......
#.#..##....@# #.
#.##..##..X##.#
.....#...#.......#
.... .#...##.####
# #..##..# ..#..#
#. #.# . #.###.##
#.## ##..##. ##
#..#.......# 4#
..#..#..#


You could see a large abomination.

Vanquished Creatures
  An ufetubus (Abyss:1)
1 creature vanquished.

Notes
Turn   | Place    | Note
-------+----------+-------------------------------------------
     0 | Abyss:1  | meatgazer the Demonspawn Abyssal Knight began the quest for
                  | the Orb.
     0 | Abyss:1  | Reached XP level 1. HP: 18/18 MP: 2/2
     6 | Abyss:1  | Found a corrupted altar of Lugonu.
    76 | Abyss:1  | Noticed a worldbinder
   140 | Abyss:1  | Noticed a large abomination
   152 | Abyss:1  | Noticed a large abomination
   154 | Abyss:1  | Noticed an orange demon
   162 | Abyss:1  | Demolished by a large abomination

Illustrated notes

Levels and vault maps discovered:
Abyss:1:  base: Temple, due_exit_kobolds, base: Temple,
          evilmike_abyss_exit_kraken

Action                   || total
-------------------------++-------
Melee: Falchion          ||     6
Armor: Leather armour    ||     2
Dodge: Dodged            ||    13

Table legend: (Time is in decaauts)
 A = Elapsed time spent in this place.
 B = Non-inter-level travel time spent in this place.
 C = Inter-level travel time spent in this place.
 D = Time resting spent in this place.
 E = Time spent auto-exploring this place.
 F = Levels seen in this place.
 G = Mean time per level.
                   A        B        C        D        E       F      G
               +--------+--------+--------+--------+--------+-----+--------+
         Total |    163 |    163 |      0 |     22 |     76 |   1 |  163.0 |
         Abyss |    163 |    163 |      0 |     22 |     76 |   1 |  163.0 |
               +--------+--------+--------+--------+--------+-----+--------+

Top non-repeatable levels by time:
 Abyss:1: 163 daAuts
